AoeStats
← Kaiser Ze

Arabia

509059631Analyzed
3v3 RM · 7d ago on Sep 25, 2026· 13m 40s· 6 players
Game mode
Random Map
Map size
Normal (6 player)
Population
200
Speed
Normal
Resources
Standard
Victory
Conquest
Starting age
Dark Age
Ending age
Imperial Age
RankedLock teamsTeams togetherTeam positionsShared explorationLock speedFull tech treeHidden civsTurbo modeCheats
Victory
Defeat
🇨🇳 Varangians · China
1417
+14
🇨🇳 Britons · China
1411
+14
🇨🇳 Tatars · China
1368
+15
1407
-16
1348
-14
🇹🇼 Mongols · Taiwan
1336
-13
神速デュバリィ
3:57 Loom
9:58 Feudal Age
8:24 Double-Bit Axe
fox0503
8:03 Feudal Age
6:19 Loom
Duc dam tac thich bus cu
9:22 Feudal Age
7:38 Loom
10:21 Double-Bit Axe
12:32 Fletching
老菜套
7:36 Loom
13:08 Feudal Age
13:35 Town Watch
13:38 Double-Bit Axe
13:33 Horse Collar
Kaiser Ze
7:05 Loom
9:36 Feudal Age
12:25 Wheelbarrow
12:15 Bloodlines
乌合之众
6:43 Loom
8:55 Feudal Age
Connection lost

Rejoining the realm…

Still unreachable

The connection could not be restored.

Session expired

The server has moved on; the page needs a fresh start.